Map: Blackpink LE

Players

arexnia

  • Race: Zerg Zerg
  • League: Diamond
  • Spawn Location: 1:00

Dessa - Winner!

  • Race: Zerg Zerg
  • League: Diamond
  • Spawn Location: 7:00

VOD

Have the link to the VOD?

Description

Time

  • Played on: Jan. 11, 2018, 7:03 a.m.
  • Length: 12:54
Show
View Real Time Build Order
Export as new Build Order

arexnia Zerg 

Build Orders: Hatch First 

Get SALT Encoding   

  12  0:08  Drone  
  12  0:12  Drone  
  14  0:17  Overlord  
  14  0:37  Drone  
  14  0:38  Drone  
  14  0:40  Drone  
  17  0:51  Drone  
  18  0:58  Hatchery  
  18  1:04  Drone  
  18  1:13  Spawning Pool  
  18  1:16  Extractor  
  18  1:17  Drone  
  17  1:24  Drone  
  18  1:35  Drone  
  19  1:46  Drone  
  20  2:06  Zergling x2  
  21  2:09  Queen x2  
  21  2:11  Drone x2  
  27  2:16  Spine Crawler  
  27  2:20  Spine Crawler  
  27  2:22  Zergling x4  
  27  2:53  Spine Crawler  
  26  3:13  Overlord x2, Evolution Chamber  
  25  3:23  Overlord  
  25  3:25  Drone x2  
  21  4:00  Drone x3  
  21  4:01  Drone x5  
  26  4:13  Zergling x4  
  28  4:20  Extractor  
  28  4:21  Zergling x2  
  28  4:27  Evolution Chamber  
  27  4:35  Drone x2  
  27  4:36  Drone x2  
  27  4:38  Lair  
  31  4:42  Queen  
  33  5:03  Drone x2  
  35  5:14  Drone  
  35  5:15  Drone x6  
  42  5:24  Extractor x2  
  42  5:26  Overlord  
  40  5:35  Drone  
  40  5:39  Drone x2, Spire  
  42  5:44  Drone x4  
  46  5:54  Drone x2  
  48  6:03  Drone x4  
  52  6:15  Overlord x2  
  52  6:41  Overlord  
  52  6:51  Mutalisk x4  
  52  6:52  Mutalisk x3  
  66  6:54  Zerg Flyer Weapons Level 1  
  66  6:56  Mutalisk x3  
  72  7:07  Zerg Melee Weapons Level 1  
  72  7:09  Metabolic Boost  
  72  7:14  Roach Warren  
  71  7:31  Zergling x10  
  71  7:32  Zergling x8  
  71  7:34  Zerg Ground Armor Level 1  
  80  7:49  Hatchery  
  79  7:54  Extractor  
  79  7:55  Extractor  
  64  8:56  Zergling x2  
  64  8:57  Zergling x12  
  68  9:18  Baneling Nest  
  67  9:32  Zergling x4  
  67  9:33  Zergling x14  
  76  9:42  Queen  
  78  9:46  Zerg Flyer Armor Level 1  
  78  9:48  Overlord x3  
  78  10:04  Zergling x2  
  78  10:05  Zergling x4  
  81  10:07  Centrifical Hooks  
  81  10:11  Zergling x4  
  81  10:12  Zergling x8  
  87  10:24  Baneling  
  87  10:25  Baneling x8  
  87  10:26  Baneling x7  
  87  10:27  Baneling x7  
  87  10:28  Baneling x7  
  81  10:29  Baneling x3  
  76  10:46  Zergling x8  
  76  10:47  Zergling x14  
  87  10:55  Baneling x5  
  87  10:56  Baneling x3  
  59  11:55  Zergling x10  
  59  11:56  Zergling x12  
  59  11:57  Zergling x4  
  72  12:11  Zergling x6  
  75  12:17  Hatchery  
  75  12:20  Baneling x4  
  75  12:21  Baneling x8  
  75  12:22  Baneling x6, Extractor  
  73  12:23  Baneling x5  
  73  12:24  Extractor  
Show
View Real Time Build Order
Export as new Build Order

Dessa Zerg - Winner!

Build Orders: Pool First 

Get SALT Encoding   

  12  0:00  Drone  
  13  0:12  Overlord  
  13  0:17  Drone  
  14  0:30  Drone  
  14  0:31  Drone  
  16  0:36  Drone  
  16  0:39  Extractor  
  16  0:47  Drone  
  17  0:52  Spawning Pool  
  17  0:56  Drone  
  17  1:20  Hatchery  
  16  1:26  Drone  
  17  1:39  Zergling x6  
  20  1:41  Metabolic Boost  
  20  1:54  Queen  
  20  2:01  Overlord  
  22  2:19  Zergling x4  
  24  2:24  Drone  
  24  2:25  Baneling Nest  
  23  2:48  Queen  
  23  2:49  Zergling x4  
  26  2:52  Zergling x4  
  28  3:04  Zergling x2  
  28  3:05  Zergling x2  
  30  3:08  Baneling x2  
  30  3:10  Drone x2  
  25  3:59  Zergling x8  
  25  4:00  Drone x2  
  30  4:04  Zergling x2  
  31  4:14  Drone x2, Roach Warren  
  32  4:19  Baneling x2  
  32  4:21  Drone  
  32  4:22  Baneling  
  33  4:30  Drone x2  
  35  4:35  Drone  
  36  4:43  Extractor, Overlord  
  36  4:44  Hatchery  
  36  4:45  Drone  
  35  4:56  Lair  
  35  4:57  Drone  
  36  5:00  Overlord  
  36  5:04  Drone  
  36  5:05  Drone  
  36  5:06  Drone x2  
  40  5:09  Roach  
  42  5:21  Drone x2  
  42  5:22  Drone x2  
  42  5:23  Roach  
  42  5:26  Roach  
  50  5:37  Drone x2  
  50  5:39  Overlord  
  52  5:55  Overlord, Evolution Chamber  
  52  5:56  Evolution Chamber  
  51  5:57  Drone x2  
  51  6:03  Queen  
  54  6:07  Overlord  
  54  6:10  Roach  
  54  6:11  Roach x3  
  62  6:22  Zerg Ground Armor Level 1, Zerg Missile Weapons Level 1  
  62  6:25  Drone x2  
  64  6:28  Drone x2  
  64  6:29  Roach  
  64  6:32  Roach  
  70  6:38  Overlord  
  70  6:41  Overlord  
  70  6:44  Overlord  
  70  6:53  Pneumatized Carapace  
  70  6:56  Drone x2, Extractor  
  70  6:57  Extractor  
  70  6:58  Drone x3  
  70  6:59  Roach  
  75  7:07  Hydralisk Den  
  75  7:08  Drone  
  75  7:10  Glial Reconstitution  
  74  7:20  Spore Crawler  
  74  7:22  Spore Crawler  
  71  7:27  Spore Crawler x2  
  71  7:28  Drone x2  
  69  7:31  Spore Crawler  
  69  7:35  Drone  
  69  7:36  Hydralisk x3  
  76  8:05  Drone x2  
  76  8:06  Drone x2  
  77  8:20  Hydralisk x2  
  77  8:21  Roach x2  
  75  8:37  Hydralisk x7  
  75  8:38  Hydralisk  
  86  8:53  Hydralisk x4  
  92  8:57  Queen  
  92  9:02  Spore Crawler  
  93  9:08  Queen  
  95  9:15  Zerg Missile Weapons Level 2  
  95  9:17  Queen  
  97  9:34  Overlord x2  
  97  9:35  Overlord x2  
  97  9:39  Zerg Ground Armor Level 2  
  97  9:45  Extractor  
  96  9:48  Extractor  
  96  9:50  Overlord x2  
  95  9:58  Drone  
  95  9:59  Drone  
  97  10:02  Spine Crawler  
  97  10:04  Spine Crawler  
  97  10:06  Spine Crawler  
  94  10:08  Overlord x2  
  92  10:43  Drone x2  
  92  10:44  Drone x3  
  97  11:00  Muscular Augments  
  97  11:02  Drone x3  
  96  11:15  Drone x2  
  96  11:16  Drone, Hatchery  
  96  11:17  Drone x5  
  96  11:18  Drone x2  
  103  11:19  Roach  
  103  11:20  Roach x5  
  115  11:31  Queen  
  115  11:37  Spine Crawler x2  
  99  11:53  Hatchery  
  80  11:58  Roach x6  
  92  12:05  Queen  
  92  12:06  Drone x3  
  97  12:13  Drone x2  
  99  12:22  Roach  
  103  12:23  Roach  
Tags
 
Matchup
ZvZ
Race
Zerg
Replay Pack
2017S4
Spawn Locations
Cross Positions
Add a new tag
Caveats
  • Supply blocks, unpowered buildings, or Contaminate may cause inaccurate times.
  • Supply counts are checked every 10 seconds.